 Dungeon Crawl Stone Soup version 0.31.0-11-ge490571c62 (webtiles) character file.

Game seed: 17513888895145750266

49 mopl the Trooper (level 3, 0/29 HPs)
             Began as a Demonspawn Fighter on Jan 29, 2024.
             Slain by a gnoll
             ... wielding a +0 club
              (8 damage)
             ... on level 2 of the Dungeon.
             The game lasted 00:01:21 (1476 turns).

mopl the Trooper (Demonspawn Fighter)               Turns: 1476, Time: 00:01:22

Health: 0/29       AC:  8    Str: 18    XL:     3   Next: 53%
Magic:  3/3        EV:  9    Int:  8    God:
Gold:   196        SH:  4    Dex: 12    Spells: 2/2 levels left

rFire   . . .        a - +0 war axe
rCold   . . .        c - +0 buckler
rNeg    . . .        b - +0 scale mail
rPois   .            (no helmet)
rElec   .            (no cloak)
rCorr   .            (no gloves)
SInv    .            (no boots)
Will    .....        (no amulet) Stlth
                     (no ring)
HPRegen 0.24/turn    (no ring)
MPRegen 0.08/turn

%: no passive effects
@: no status effects
A: hooves 1, yellow scales 1
a: no special abilities


You were on level 2 of the Dungeon.
You visited 1 branch of the dungeon, and saw 3 of its levels.

You collected 196 gold pieces.

Inventory:

Hand Weapons
 a - a +0 war axe (weapon)
 n - the +4 dagger of Enlilusu {drain, rC+ rN+}
   (You found it on level 2 of the Dungeon)

   rC+:       It protects you from cold.
   rN+:       It protects you from negative energy.
Armour
 b - a +0 scale mail (worn)
 c - a +0 buckler (worn)
Wands
 j - a wand of flame (24)
Scrolls
 e - a scroll of revelation {unknown}
 f - a scroll of enchant armour {unknown}
 g - 3 scrolls of identify {unknown}
 k - 2 scrolls of teleportation {unknown}
 m - a scroll of blinking {unknown}
Potions
 d - a potion of might
 h - 2 potions of magic {unknown}
 i - a potion of lignification {unknown}
 l - a potion of brilliance {unknown}
 o - a potion of degeneration {unknown}


   Skills:
 + Level 3.4 Fighting
 * Level 2.6 Axes
 + Level 3.0 Armour
 + Level 1.0 Dodging
 - Level 2.6 Shields


You had 2 spell levels left.
You didn't know any spells.
Your spell library contained the following spells:

 Spells                   Type           Power      Damage    Failure   Level
 Jinxbite                 Hex            0%         N/A       95%         2
 Yara's Violent Unravell  Hex/Alch       0%         3d3       100%        5
 Enfeeble                 Hex            0%         N/A       100%        7


Dungeon Overview and Level Annotations

Branches:
Dungeon (3/15)

Altars:


Innate Abilities, Weirdness & Mutations

You have large cloven feet.
You are partially covered in yellow scales. (AC +2)


Message History

You see here a giant cockroach corpse.
Done exploring.
Done exploring.
What level of the Dungeon? (default 2, ? - help)
There is a stone staircase leading down here.
You climb downwards.
The ball python hisses angrily.
The gnoll shouts!
Found 16 gold pieces.
There is a stone staircase leading up here.
There are monsters nearby!
You barely miss the gnoll. The gnoll barely misses you.
The gnoll hits you but does no damage. x2; The gnoll barely misses you.
The ribbon worm expels a string of sticky webbing.
The stream of webbing hits you but does no damage.
You are caught in a web!
You climb upwards.
There is a stone staircase leading down here.
Unknown command.
You barely miss the gnoll. You kick the gnoll, but do no damage.
You hit the gnoll but do no damage. You closely miss the gnoll.
The gnoll hits you with a +0 club. You block the gnoll's attack.
The gnoll hits you but does no damage. The gnoll completely misses you.
The gnoll hits you but does no damage. x2
Unknown command.
You hit the gnoll but do no damage. Your kick misses the gnoll.
You closely miss the gnoll. You completely miss the gnoll.
The gnoll hits you with a +0 club.
The gnoll hits you but does no damage. x2
Unknown command.
You hit the gnoll but do no damage. You hit the gnoll. x2
The gnoll hits you with a +0 club. The gnoll hits you with a +0 whip.
The gnoll hits you with a +0 club.
Unknown command.
You slash the gnoll!
The gnoll is almost dead.
You hit the gnoll. x2; The gnoll barely misses you.
The gnoll closely misses you. The gnoll hits you with a +0 club.
The gnoll barely misses you. The gnoll hits you with a +0 whip.
* * * LOW HITPOINT WARNING * * *
The gnoll hits you with a +0 club!
You die...

#...# #.#.# ### #.#..
###########.# ##.##.
#.........#.# #..##.
##.#.#.#.#...# ##.##..
#.........##.####..)..#
##.......###.......####
#....g@...##.......#
####...g.g÷#...##....##
#..............##.....###
#.)#......[#.####.......#
#....................##..
#..#.#.#.#.######....####
#..........# #....# #
##########.# #....# #.#
######


You could see 3 gnolls.

Vanquished Creatures
  An adder (D:2)
  An orc (D:2)
  2 bats (D:1)
  3 endoplasms (D:2)
  3 giant cockroaches
  3 goblins
  3 hobgoblins
  4 kobolds
  A quokka (D:1)
  6 ball pythons
  3 frilled lizards
  8 rats
38 creatures vanquished.

Notes
Turn   | Place    | Note
-------+----------+-------------------------------------------
     0 | D:1      | mopl the Demonspawn Fighter began the quest for the Orb.
     0 | D:1      | Reached XP level 1. HP: 18/18 MP: 1/1
   280 | D:1      | Gained mutation: You are partially covered in yellow
                  | scales. (AC +2) [demonic ancestry]
   280 | D:1      | Reached XP level 2. HP: 24/24 MP: 2/2
   932 | D:2      | Gained mutation: You have large cloven feet. [demonic
                  | ancestry]
   932 | D:2      | Reached XP level 3. HP: 24/29 MP: 3/3
  1028 | D:2      | Identified the +4 dagger of Enlilusu {drain, rC+ rN+}
  1191 | D:2      | Reached skill level 1 in Dodging
  1476 | D:2      | Slain by a gnoll

Illustrated notes

Levels and vault maps discovered:
D:1:      matt_arrival_refuge, layout_basic, minmay_gold_behind_fungi,
          hangedman_glass_teeth
D:2:      layout_rooms, st_stairs_4, grunt_ministairs_6
D:3:      layout_rooms, dilly_ecumenical_altar_fadedgnrine, uniq_jessica

Skill      XL: |  1  2  3 |
---------------+----------+-----
Axes           | 2 |  2.6
Armour         | 3 |  3.0
Dodging        | 1 |  1.0
Fighting       | |  3.4
Shields        | |  2.6

Action                     || total
---------------------------++-------
  Melee: War axe           ||    94
         Kick              ||     6
 Armour: Scale mail        ||    77
  Dodge: Dodged            ||    48
  Block: Buckler           ||    25
